AoeStats
← tr3tr2tr1

Nomad

510127895Analyzed
2v2 RM · 2d ago on Sep 29, 2026· 36m 25s· 4 players
Game mode
Random Map
Map size
176×176
Population
200
Speed
Normal
Resources
Standard
Victory
Conquest
Starting age
Dark Age
Ending age
Imperial Age
RankedLock teamsTeams togetherTeam positionsShared explorationLock speedFull tech treeHidden civsTurbo modeCheats
Victory
Defeat
🇺🇸 Koreans · United States
1035
+12
🇨🇭 Varangians · Switzerland
960
+14
🇪🇸 Franks · Spain
956
-14
🇹🇷 Khmer · Türkiye
912
-27
AMALARI
4:32 Loom
15:49 Feudal Age
20:57 Castle Age
19:39 Stone Mining
20:09 Scale Barding Armor
22:46 Fletching
25:58 Forging
31:29 Wheelbarrow
tr3tr2tr1
15:09 Feudal Age
15:44 Double-Bit Axe
17:10 Bloodlines
17:23 Fishing Lines
19:05 Forging
30:14 Castle Age
29:20 Gold Mining
31:29 Husbandry
30:52 Light Cavalry
35:59 Imperial Age
35:17 Gold Shaft Mining
AoeAuthority.com
5:42 Loom
14:10 Feudal Age
19:43 Castle Age
19:19 Double-Bit Axe
20:01 Fishing Lines
23:58 Crossbowman
29:04 Pikeman
30:01 Fletching
35:15 Bodkin Arrow
36:08 Scale Mail Armor
36:19 Horse Collar
37:00 Bow Saw
Meninkain
4:28 Loom
17:16 Feudal Age
21:17 Castle Age
19:05 Fishing Lines
19:35 Fletching
19:45 Padded Archer Armor
19:56 Forging
19:46 Scale Mail Armor
20:01 Arson
21:06 Scale Mail Armor
22:26 Wheelbarrow
23:54 Squires
23:40 Gambesons
26:21 Pikeman
30:40 Gillnets
32:39 Iron Casting
32:19 Chain Mail Armor
36:31 Chain Mail Armor
Connection lost

Rejoining the realm…

Still unreachable

The connection could not be restored.

Session expired

The server has moved on; the page needs a fresh start.